 Dungeon Crawl Stone Soup version 0.20.0-8-g6b59dc7 (webtiles) character file.

96 JarielCorvus the Magician (level 4, 0/24 HPs)
             Began as a Deep Elf Venom Mage on May 31, 2017.
             Slain by Laan's ghost (12 damage)
             ... on level 3 of the Dungeon.
             The game lasted 00:05:46 (2198 turns).

JarielCorvus the Magician (Deep Elf Venom Mage)     Turns: 2198, Time: 00:05:47

Health: 0/24       AC:  3    Str:  5    XL:     4   Next: 41%
Magic:  3/12       EV: 13    Int: 21    God:
Gold:   157        SH:  0    Dex: 15    Spells: 2/12 levels left

rFire    . . .     SeeInvis .   f - +0 dagger
rCold    . . .     Gourm    .   (no shield)
rNeg     . . .     Faith    .   a - +0 robe
rPois    .         Spirit   .   (no helmet)
rElec    .         Reflect  .   m - +0 cloak
rCorr    .         Harm     .   (no gloves)
MR       .....                  (no boots)
Stlth    ++........             (no amulet)
Regen    0.1/turn               (no ring)
MPRegen  0.2/turn               (no ring)

@: no status effects
A: no striking features
a: no special abilities


You were on level 3 of the Dungeon.
You were not hungry.

You visited 1 branch of the dungeon, and saw 3 of its levels.

You collected 157 gold pieces.

Inventory:

Hand Weapons
 f - a +0 dagger (weapon)
Armour
 a - a +0 robe (worn)
 h - a scarf of cloud immunity
 m - a +0 cloak (worn)
Jewellery
 e - an uncursed ring of poison resistance
Wands
 j - a wand of polymorph (6/24)
Scrolls
 k - a scroll of amnesia {unknown}
 l - a scroll of remove curse {unknown}
 n - a scroll of enchant weapon {unknown}
Potions
 g - a potion of curing {unknown}
Books
 b - a Young Poisoner's Handbook

   Spells                             Type                      Level
   a - Sting                          Conjuration/Poison           1
   b - Poisonous Vapours              Poison/Air                   2
   c - Mephitic Cloud                 Conjuration/Poison/Air       3
   d - Olgreb's Toxic Radiance        Poison                       4
   e - Venom Bolt                     Conjuration/Poison           5
Comestibles
 c - a bread ration
 d - 2 royal jellies


   Skills:
 - Level 2.4 Dodging
 - Level 2.4 Stealth
 * Level 4.6 Spellcasting
 + Level 2.1 Conjurations
 + Level 4.4 Poison Magic


You had 2 spell levels left.
You knew the following spells:

 Your Spells              Type           Power        Failure   Level  Hunger
a - Sting                 Conj/Pois      ###.         2%          1    None
b - Poisonous Vapours     Pois/Air       ##....       7%          2    #......
c - Mephitic Cloud        Conj/Pois/Air  ##......     14%         3    ##.....
d - Olgreb's Toxic Radia  Pois           ###.....     19%         4    ####...


Dungeon Overview and Level Annotations

Branches:
Dungeon (3/15)

Altars:
Elyvilon

Annotations:
D:3 Laan's ghost, amateur MiFi


Message History

Aim: Laan's ghost But poisonous clouds would do no harm to Laan's ghost!
Casting: Poisonous Vapours
Confirm with . or Enter, or press ? or * to list all spells.
You can't see any susceptible monsters within range! (Use Z to cast anyway.) Unknown command.
Casting: Poisonous Vapours
Confirm with . or Enter, or press ? or * to list all spells.
You can't see any susceptible monsters within range! (Use Z to cast anyway.)
Casting: Poisonous Vapours
Confirm with . or Enter, or press ? or * to list all spells.
You begin to radiate toxic energy.
Laan's ghost closely misses you.
You hit Laan's ghost but do no damage. Laan's ghost completely misses you.
You hit Laan's ghost but do no damage.
Your toxic aura wanes.
Laan's ghost hits you!
Ouch! That really hurt!
Laan's ghost hits you!
Ouch! That really hurt!
You die...

.....###.......#
.....# #######.#
.....#####...#.#
..#..........#.#
..#..........#.#
..#..........#.#####
..#..........#.....#
. #..........#####.#
...............W@#.#
............######.#
..[..........#.....#
.J...........#.#####
...............#
.....########## ....
w.


You could see Laan's ghost.

Vanquished Creatures
  Jessica (D:2)
  A gnoll (D:3)
  3 adders
  A worm (D:2)
  2 giant cockroaches
  6 goblins
  2 hobgoblins (D:1)
  3 kobolds
  6 bats
  2 frilled lizards
  8 rats
35 creatures vanquished.

Notes
Turn   | Place    | Note
-------+----------+-------------------------------------------
     0 | D:1      | JarielCorvus the Deep Elf Venom Mage began the quest for the Orb.
     0 | D:1      | Reached XP level 1. HP: 10/10 MP: 6/6
   292 | D:1      | Reached XP level 2. HP: 14/15 MP: 6/8
   583 | D:1      | Learned a level 2 spell: Poisonous Vapours
  1183 | D:2      | Noticed Jessica
  1187 | D:2      | Killed Jessica
  1187 | D:2      | Reached XP level 3. HP: 19/19 MP: 2/10
  1621 | D:2      | Found a white marble altar of Elyvilon.
  1731 | D:2      | Learned a level 3 spell: Mephitic Cloud
  1739 | D:2      | Reached XP level 4. HP: 24/24 MP: 7/12
  2068 | D:2      | Learned a level 4 spell: Olgreb's Toxic Radiance
  2165 | D:3      | Noticed Laan's ghost (amateur MiFi)
  2198 | D:3      | Slain by Laan's ghost

Skill      XL: |  1  2  3 |
---------------+----------+-----
Spellcasting   | 4 |  4.6
Poison Magic   | 4 |  4.4
Conjurations   | 2 |  2.1
Dodging        | |  2.4
Stealth        | |  2.4

Action                   |  1- 3 |  4- 6 || total
-------------------------+-------+-------++-------
Melee: Unarmed           |     2 |       ||     2
       Dagger            |       |     2 ||     2
 Cast: Sting             |    71 |    12 ||    83
       Poisonous Vapours |     4 |     3 ||     7
       Olgreb's Toxic Ra |       |     1 ||     1
  Use: Scroll            |       |     4 ||     4
  Eat: Bread ration      |     1 |       ||     1
       Chunk             |     1 |       ||     1
Armor: Robe              |     3 |       ||     3
Dodge: Dodged            |    11 |     2 ||    13
